 Dungeon Crawl Stone Soup version 0.27-a0-1140-g099f9bb0e8 (webtiles) character file.

Game seed: 10434459020289213402

2123 voltaire321 the Skirmisher (level 9, -13/56 HPs)
             Began as a Gargoyle Fighter on May 8, 2021.
             Was a Follower of Makhleb.
             Mangled by an orc warrior
             ... wielding a +0 dire flail
              (17 damage)
             ... on level 7 of the Dungeon.
             The game lasted 00:16:20 (7407 turns).

voltaire321 the Skirmisher (Gargoyle Fighter)       Turns: 7407, Time: 00:16:20

Health: -13/56     AC: 17    Str: 22    XL:     9   Next: 29%
Magic:  11/11      EV:  9    Int: 10    God:    Makhleb [*.....]
Gold:   286        SH: 15    Dex:  9    Spells: 8/8 levels left

rFire    . . .     SeeInvis +   a - +1 flail
rCold    . . .     Faith    .   c - +0 kite shield
rNeg     + . .     Spirit   .   b - +0 scale mail
rPois    ∞         Reflect  +   (no helmet)
rElec    +         Harm     .   k - +0 cloak
rCorr    .         Rampage  .   (no gloves)
Will     .....                  e - +1 pair of boots
Stlth    ..........             q - amulet of reflection
HPRegen  0.18/turn              v - ring of see invisible
MPRegen  0.12/turn              (no ring)

@: studying Fighting
A: sickness immunity, AC +6, negative energy resistance 1, electricity
resistance, torment resistance 1, unbreathing 1, petrification resistance
a: Renounce Religion


You were on level 7 of the Dungeon.
You worshipped Makhleb.
Makhleb was aware of your devotion.
You visited 1 branch of the dungeon, and saw 7 of its levels.

You collected 286 gold pieces.

Inventory:

Hand Weapons
 a - a +1 flail (weapon)
Missiles
 d - 8 poisoned darts
 r - 7 javelins (quivered)
Armour
 b - a +0 scale mail (worn)
 c - a +0 kite shield (worn)
 e - a +1 pair of boots (worn)
 k - a +0 cloak (worn)
 p - a scarf of invisibility
Jewellery
 q - an amulet of reflection (around neck)
 s - a +6 ring of intelligence
 v - a ring of see invisible (left hand)
Wands
 x - a wand of digging (3)
Scrolls
 h - a scroll of enchant weapon
 i - a scroll of teleportation
 t - a scroll of fog
 w - 3 scrolls of identify
Potions
 f - 6 potions of curing
 g - 4 potions of heal wounds {unknown}
 j - 4 potions of magic {unknown}
 m - 2 potions of haste {unknown}
 n - 3 potions of berserk rage {unknown}
 z - 2 potions of attraction {unknown}
 A - a potion of cancellation {unknown}
 B - a potion of flight {unknown}


   Skills:
 + Level 6.9 Fighting
 + Level 5.3 Maces & Flails
 + Level 6.4 Armour
 + Level 4.0 Dodging
 + Level 6.5 Shields
 + Level 3.6 Invocations


You had 8 spell levels left.
You didn't know any spells.
Your spell library contained the following spells:

 Spells                   Type           Power      Damage    Failure   Level
 Animate Skeleton         Necr           0%         N/A       95%         1
 Apportation              Tloc           0%         N/A       95%         1
 Corona                   Hex            0%         N/A       95%         1
 Magic Dart               Conj           0%         1d3       95%         1
 Pain                     Necr           0%         1d4       95%         1
 Summon Small Mammal      Summ           0%         N/A       95%         1
 Blink                    Tloc           N/A        N/A       99%         2
 Call Imp                 Summ           0%         N/A       99%         2
 Ensorcelled Hibernation  Hex/Ice        0%         N/A       99%         2
 Searing Ray              Conj           0%         3d3       99%         2
 Slow                     Hex            0%         N/A       99%         2
 Confusing Touch          Hex            0%         N/A       100%        3
 Conjure Flame            Conj/Fire      0%         6-21      100%        3
 Dazzling Flash           Conj/Hex       0%         N/A       100%        3
 Mephitic Cloud           Conj/Pois/Air  0%         N/A       100%        3
 Tukima's Dance           Hex            0%         N/A       100%        3
 Vampiric Draining        Necr           0%         2d6       100%        3
 Animate Dead             Necr           0%         N/A       100%        4
 Fulminant Prism          Conj/Hex       0%         3d6       100%        4
 Iskenderun's Mystic Bla  Conj/Tloc      0%         2d3       100%        4
 Agony                    Necr           0%         N/A       100%        5


Dungeon Overview and Level Annotations

Branches:
Dungeon (7/15)             Temple (0/1) D:7

Altars:
Ashenzari
Cheibriados
Dithmenos
Fedhas
Kikubaaqudgha
Makhleb
Qazlal
Uskayaw
Zin


Innate Abilities, Weirdness & Mutations

You are immune to sickness and miasma.
Your stone body is resilient. (AC +6)
You are immune to poison.
You resist negative energy. (rN+)
You are resistant to electric shocks. (rElec)
You are resistant to unholy torment.
You can survive without breathing.
You are immune to petrification.


Message History

You see here a +0 hand axe.
The orc shouts!
You barely miss the orc. The orc hits you but does no damage.
The orc warrior hits you with a +0 dire flail.
* * * LOW HITPOINT WARNING * * *
You closely miss the orc. The orc hits you but does no damage.
The orc warrior hits you but does no damage.
You block the orc's attack.
You barely miss the orc.
The orc warrior hits you but does no damage.
You block the orc's attack. You block the orc warrior's attack.
You barely miss the orc. The orc hits you but does no damage.
You block the orc warrior's attack.
You barely miss the orc. The orc barely misses you.
You block the orc warrior's attack. You block the orc's attack.
You sock the orc!
You kill the orc!
Makhleb accepts your kill. The orc warrior barely misses you.
The orc warrior hits you but does no damage.
Things that are here:
a +0 club; a +0 leather armour You hit the orc warrior but do no damage.
The orc warrior is lightly wounded.
You block the orc warrior's attack.
You sock the orc warrior!
The orc warrior is heavily wounded.
You block the orc warrior's attack.
You hit the orc warrior but do no damage.
The orc warrior is heavily wounded.
You block the orc warrior's attack.
The orc warrior hits you with a +0 dire flail!
* * * LOW HITPOINT WARNING * * *
You hit the orc warrior but do no damage.
The orc warrior is heavily wounded.
The orc warrior completely misses you.
You sock the orc warrior!
The orc warrior is severely wounded.
The orc warrior hits you with a +0 dire flail!
You die...

##.#.>.# ###.###
#####_..)..# #.....#
..##.....#####.....#
#.##...............#
#######.##.....#####.....#
.........))....#####.....#
#######.###.......########
#.#########...#
#..o@..)......# #
###########...# #####
##...###...# ##.....##...#
#............
##........... ##...#......
##.####...# ### #...#


You could see an orc warrior.

Vanquished Creatures
  Sigmund (D:6)
  2 steam dragons (D:7)
  A sky beast (D:5)
  2 necrophages (D:5)
  An ogre (D:5)
  A kobold brigand (D:6)
  A wyvern zombie (D:7)
  5 scorpions
  A water moccasin skeleton (D:7)
  A centaur zombie (D:7)
  3 hounds (D:5)
  2 centaur skeletons
  2 iguanas
  3 orc wizards
  A killer bee zombie (D:3)
  3 gnolls (D:5)
  11 adders
  A shadow imp (D:7)
  2 white imps (D:5)
  An ufetubus (D:4)
  An adder zombie (D:3)
  A dart slug (D:2)
  2 worms (D:2)
  14 orcs
  4 bats
  7 endoplasms
  A giant cockroach (D:3)
  8 goblins
  7 hobgoblins
  3 jackals
  9 kobolds
  5 quokkas
  15 ball pythons
  3 frilled lizards
  4 rats
129 creatures vanquished.

Vanquished Creatures (collateral kills)
  An orc warrior (D:6)
  A necrophage (D:6)
  A black bear (D:6)
  2 scorpions (D:6)
  A centaur zombie (D:6)
  An orc wizard (D:6)
  3 orcs (D:6)
  A kobold (D:6)
11 creatures vanquished.

Vanquished Creatures (others)
  An orc wizard (D:7)
1 creature vanquished.

Grand Total: 141 creatures vanquished

Notes
Turn   | Place    | Note
-------+----------+-------------------------------------------
     0 | D:1      | voltaire321 the Gargoyle Fighter began the quest for the
                  | Orb.
     0 | D:1      | Reached XP level 1. HP: 14/14 MP: 1/1
   166 | D:1      | Reached XP level 2. HP: 19/19 MP: 2/2
   432 | D:1      | Found a faded altar of an unknown god.
   854 | D:2      | Reached XP level 3. HP: 23/23 MP: 3/3
  1056 | D:2      | Reached skill level 1 in Dodging
  1058 | D:2      | Reached XP level 4. HP: 15/29 MP: 4/4
  1665 | D:2      | Reached XP level 5. HP: 26/33 MP: 5/5
  2507 | D:3      | Found a shadowy altar of Dithmenos.
  2968 | D:3      | Reached XP level 6. HP: 36/38 MP: 6/6
  3599 | D:4      | Found a blossoming altar of Fedhas.
  4017 | D:5      | Entered Level 5 of the Dungeon
  4110 | D:5      | Noticed a sky beast
  4121 | D:5      | Killed a sky beast
  4139 | D:5      | Found an ancient bone altar of Kikubaaqudgha.
  4170 | D:5      | Reached XP level 7. HP: 38/44 MP: 7/7
  4465 | D:5      | Reached skill level 5 in Fighting
  4465 | D:5      | Reached skill level 5 in Armour
  4465 | D:5      | Reached skill level 5 in Shields
  4905 | D:5      | Found a burning altar of Makhleb.
  4913 | D:5      | Became a worshipper of Makhleb the Destroyer
  5086 | D:5      | Found a stormy altar of Qazlal.
  5234 | D:5      | Reached skill level 1 in Invocations
  5234 | D:5      | Reached XP level 8. HP: 43/49 MP: 8/8
  5419 | D:6      | Noticed Sigmund
  5489 | D:6      | Reached * piety under Makhleb
  5500 | D:6      | Killed Sigmund
  6185 | D:7      | Identified a scroll of acquirement
  6185 | D:7      | Acquired a manual of Fighting
  6208 | D:7      | Reached skill level 5 in Maces & Flails
  6269 | D:7      | Found a snail-covered altar of Cheibriados.
  6269 | D:7      | Found a glowing silver altar of Zin.
  6276 | D:7      | Found a faded altar of an unknown god.
  6278 | D:7      | Found a hide-covered altar of Uskayaw.
  6279 | D:7      | Found a faded altar of an unknown god.
  6438 | D:7      | Found a staircase to the Ecumenical Temple.
  6441 | D:7      | Found a broken altar of Ashenzari.
  6488 | D:7      | Reached XP level 9. HP: 56/56 MP: 11/11
  7407 | D:7      | Mangled by an orc warrior

Illustrated notes

Levels and vault maps discovered:
D:1:      evilmike_arrival_hilbert_curve, layout_basic, basic_ecumenical_altar,
          minmay_circled_x
D:2:      layout_loops_corners, minmay_snake_closets
D:3:      layout_loops_cross, nicolae_dithmenos_through_a_glass_darkly,
          st_stairs_13
D:4:      layout_loops_ring, fedhas_altar_2, corexii_corridor_pit
D:5:      layout_basic, kennysheep_little_box, overflow_temple_1_default,
          bloody_makhleb, chequers_serial_rivers_small_a
D:6:      layout_cave_pools, uniq_sigmund
D:7:      layout_loops_ring, overflow_temple_1_default,
          chequers_temple_overflow_minitemple, minmay_temple_entry_offerings

Skill      XL: |  1  2  3  4  5  6  7  8  9 |
---------------+----------------------------+-----
Dodging        | 1 2 3 4 |  4.0
Fighting       | 4 5 6 |  6.9
Armour         | 4 5 6 |  6.4
Shields        | 4 5 6 |  6.5
Maces & Flails | 3 4 5 |  5.3
Invocations    | 1 3 |  3.6

Action                   |  1- 3 |  4- 6 |  7- 9 || total
-------------------------+-------+-------+-------++-------
Melee: Flail             |    93 |   211 |   276 ||   580
  Use: Scroll            |     1 |       |    10 ||    11
       Potion            |       |       |     2 ||     2
Armor: Scale mail        |    59 |   168 |   147 ||   374
Dodge: Dodged            |    40 |    97 |   105 ||   242
Block: Kite shield       |    74 |   156 |   250 ||   480
       Reflection        |       |       |     2 ||     2

Table legend: (Time is in decaauts)
 A = Elapsed time spent in this place.
 B = Non-inter-level travel time spent in this place.
 C = Inter-level travel time spent in this place.
 D = Time resting spent in this place.
 E = Time spent auto-exploring this place.
 F = Levels seen in this place.
 G = Mean time per level.
                   A        B        C        D        E       F      G
               +--------+--------+--------+--------+--------+-----+--------+
         Total |   7655 |   7495 |    160 |   1123 |   4642 |   7 | 1093.6 |
       Dungeon |   7655 |   7495 |    160 |   1123 |   4642 |   7 | 1093.6 |
               +--------+--------+--------+--------+--------+-----+--------+

Top non-repeatable levels by time:
     D:5: 1698 daAuts
     D:2: 1404 daAuts
     D:3: 1080 daAuts
     D:6: 980 daAuts
     D:1: 851 daAuts
     D:7: 820 daAuts
     D:4: 819 daAuts
